 Dungeon Crawl Stone Soup version 0.30-a0-305-g026cb31310 (webtiles) character file.

Game seed: 7638847030868874744

119 scionoferis the Trooper (level 5, -4/33 HPs)
             Began as a Gargoyle Cinder Acolyte on Oct 21, 2022.
             Was a High Priest of Ignis.
             Killed by divine providence
             ... invoked by an orc priest
              (13 damage)
             ... on level 4 of the Dungeon.
             The game lasted 00:08:43 (2207 turns).

scionoferis the Trooper (Gargoyle Cinder Acolyte)   Turns: 2207, Time: 00:08:43

Health: -4/33      AC: 13    Str: 18    XL:     5   Next: 3%
Magic:  0/8        EV:  9    Int: 16    God:    Ignis [*****.]
Gold:   150        SH:  0    Dex:  5    Spells: 6/8 levels left

rFire   + . .      SeeInvis .    a - -1 mace (flame)
rCold   . . .      Faith    .    (no shield)
rNeg    + . .      Spirit   +    m - +3 scale mail
rPois   ∞          Reflect  .    (no helmet)
rElec   +          Harm     .    (no cloak)
rCorr   +          Rampage  .    (no gloves)
Will    .....                    (no boots)
Stlth   ..........               e - amulet of guardian spirit
HPRegen 0.25/turn                d - ring of resist corrosion
MPRegen 0.11/turn                (no ring)

@: studying Necromancy
A: sickness immunity, AC +4, negative energy resistance 1, electricity
resistance, torment resistance 1, petrification resistance
a: Renounce Religion, Fiery Armour, Foxfire Swarm, Rising Flame


You were on level 4 of the Dungeon.
You worshipped Ignis.
Ignis was extremely pleased with you.
You visited 1 branch of the dungeon, and saw 4 of its levels.

You collected 150 gold pieces.

Inventory:

Hand Weapons
 a - a -1 mace of flaming (weapon)
Missiles
 f - 7 poisoned darts
 g - 6 boomerangs (quivered)
Armour
 b - a +0 robe
 m - a +3 scale mail (worn)
Jewellery
 d - a ring of resist corrosion (left hand)
 e - an amulet of guardian spirit (around neck)
Scrolls
 c - 2 scrolls of blinking
 l - 2 scrolls of magic mapping
 n - a scroll of butterflies
 o - a scroll of noise
 p - a scroll of enchant armour {unknown}
 q - 2 scrolls of teleportation
Potions
 h - a potion of mutation {unknown}
 i - a potion of ambrosia {unknown}
 j - a potion of flight {unknown}
 k - 2 potions of brilliance {unknown}


   Skills:
 + Level 4.1 Fighting
 * Level 3.9 Maces & Flails
 + Level 1.4 Armour
 + Level 2.4 Spellcasting
 - Level 3.0 Fire Magic


You had 6 spell levels left.
You knew the following spells:

 Your Spells              Type           Power      Damage    Failure   Level
a - Scorch                Fire           22%        2d6       28%         2

Your spell library contained the following spells:

 Spells                   Type           Power      Damage    Failure   Level
 Ignite Poison            Fire/Tmut/Pois 5%         N/A       77%         3
 Sticky Flame             Conj/Fire      6%         2d3       98%         4
 Ignition                 Fire           5%         3d4       100%        8


Dungeon Overview and Level Annotations

Branches:
Dungeon (4/15)
 Temple: D:4-7

Altars:

Shops:
D:3 (

Annotations:
D:3 1 runed translucent door, Iusername's ghost, weakling MiFi


Innate Abilities, Weirdness & Mutations

You are immune to sickness and miasma.
Your stone body is resilient. (AC +4)
You are immune to poison.
You resist negative energy. (rN+)
You are resistant to electric shocks. (rElec)
You are resistant to unholy torment.
You are immune to petrification.


Message History

The orc priest is lightly wounded.
The orc priest calls down the wrath of Beogh upon you.
Beogh smites you!
You hit the orc priest but do no damage.
The orc priest is lightly wounded.
The orc priest calls down the wrath of Beogh upon you.
You barely resist. You barely miss the orc priest.
The orc priest is lightly wounded.
The orc priest begins to cast a cantrip, but forgets the words!
The orc priest hits you with a +0 hand axe.
The orc priest begins to cast a cantrip, but forgets the words!
The orc priest mumbles some strange prayers to Beogh against you.
Beogh smites you!
You completely miss the orc priest.
The orc priest is lightly wounded.
The orc hits you but does no damage.
The orc priest hits you but does no damage.
You closely miss the orc priest.
The orc priest is lightly wounded.
The orc priest hits you but does no damage.
The orc hits you with a +0 club.
You sock the orc priest! You burn the orc priest.
Your punch misses the orc priest.
The orc priest is almost dead.
The orc hits you with a +0 club.
The orc priest begins to cast a cantrip, but forgets the words!
You closely miss the orc priest.
The orc priest is almost dead.
The orc hits you but does no damage.
The orc priest invokes the aid of Beogh against you.
Pain shoots through your body!
* * * LOW HITPOINT WARNING * * *
Unknown command.
You hit the orc priest but do no damage.
The orc priest is almost dead.
The orc barely misses you.
The orc priest invokes the aid of Beogh against you.
Beogh smites you!
You die...

######....+
........###
#.########.#
#..........# #####+#
#.#####..### #.....#
#.#######..o.###.#...#
#.......#..#.#......<#
######.#.##.#.#.....#
...........[.#@###.#.#
#######.#..o.oo..#.#.#
#.######.#.#.#.# #.#
#.#...#.#.#
#.######.........#
#..............###
################


You could see 2 orc priests and an orc.

Vanquished Creatures
  An orc wizard (D:3)
  3 adders
  A dart slug (D:2)
  3 orcs (D:3)
  6 endoplasms
  3 giant cockroaches
  3 goblins
  3 hobgoblins
  10 jackals
  A quokka (D:3)
  6 ball pythons
  4 bats
  4 frilled lizards
  9 kobolds
  5 rats
62 creatures vanquished.

Notes
Turn   | Place    | Note
-------+----------+-------------------------------------------
     0 | D:1      | scionoferis the Gargoyle Cinder Acolyte began the quest for
                  | the Orb.
     0 | D:1      | Reached XP level 1. HP: 14/14 MP: 2/2
     7 | D:1      | Found a faded altar of an unknown god.
   101 | D:1      | Reached XP level 2. HP: 19/19 MP: 3/3
   115 | D:1      | Learned a level 2 spell: Scorch
   565 | D:2      | Reached XP level 3. HP: 19/23 MP: 1/5
   971 | D:2      | Reached XP level 4. HP: 29/29 MP: 7/7
  1257 | D:3      | Reached skill level 4 in Fighting
  1257 | D:3      | Reached skill level 1 in Armour
  1304 | D:3      | Found Mory's Weapon Shoppe.
  1823 | D:3      | Reached XP level 5. HP: 33/33 MP: 6/8
  1949 | D:3      | Found a runed translucent door.
  1950 | D:3      | Noticed Iusername's ghost (weakling MiFi)
  1951 | D:3      | Noticed an ogre
  2207 | D:4      | Killed from afar by an orc priest

Illustrated notes

Levels and vault maps discovered:
D:1:      mrwooster_arrival_statue_3, layout_rooms,
          ebering_ecumenical_altar_rust
D:2:      layout_rooms, minmay_splitting_lines, minmay_misc_feat_doors
D:3:      layout_loops_cross, serial_shops, shop_fountains,
          ebering_ghost_inner_flame, minmay_misc_feat_ornament
D:4:      nicolae_cairo_tiling_very_big, layout_basic, nicolae_ru_awakened_eye,
          uniq_robin

Skill      XL: |  1  2  3  4 |
---------------+-------------+-----
Spellcasting   | 2 |  2.4
Fighting       | 4 |  4.1
Armour         | 1 |  1.4
Maces & Flails | |  3.9
Fire Magic     | |  3.0

Action                   |  1- 3 |  4- 6 || total
-------------------------+-------+-------++-------
Melee: Mace              |   123 |    84 ||   207
Throw: Boomerang         |     2 |     1 ||     3
 Cast: Scorch            |     1 |       ||     1
  Use: Scroll            |       |     5 ||     5
Armor: Robe              |    40 |       ||    40
       Scale mail        |    26 |    57 ||    83
Dodge: Dodged            |    82 |    30 ||   112

Table legend: (Time is in decaauts)
 A = Elapsed time spent in this place.
 B = Non-inter-level travel time spent in this place.
 C = Inter-level travel time spent in this place.
 D = Time resting spent in this place.
 E = Time spent auto-exploring this place.
 F = Levels seen in this place.
 G = Mean time per level.
                   A        B        C        D        E       F      G
               +--------+--------+--------+--------+--------+-----+--------+
         Total |   2254 |   2194 |     60 |     59 |   1415 |   4 |  563.5 |
       Dungeon |   2254 |   2194 |     60 |     59 |   1415 |   4 |  563.5 |
               +--------+--------+--------+--------+--------+-----+--------+

Top non-repeatable levels by time:
     D:3: 926 daAuts
     D:2: 670 daAuts
     D:1: 584 daAuts
     D:4: 73 daAuts
